[Event "45th FIDE Olympiad 2024"]
[Site "Budapest"]
[Date "2024.09.19"]
[Round "8.46"]
[White "Ponomariov, Ruslan"]
[Black "Krysa, Leandro"]
[Result "1/2-1/2"]
[ECO "C77"]
[WhiteElo "2654"]
[BlackElo "2495"]
[Annotator "TA"]
[PlyCount "69"]
[EventDate "2024.09.05"]
[EventType "team-tourn"]
[EventCountry "HUN"]
[SourceTitle "playchess.com"]
[Source "ChessBase"]
[SourceQuality "1"]
[WhiteTeam "Ukraine"]
[BlackTeam "Argentina"]
[WhiteTeamCountry "UKR"]
[BlackTeamCountry "ARG"]
[TimeControl "40/5400+30:1800+30"]

1. e4 e5 2. Nf3 Nc6 3. Bb5 a6 4. Ba4 Nf6 5. d3 d6 6. c4 Be7 7. h3 O-O 8. O-O Nd7 9. Be3 Bf6 10. Nc3 Nd4 11. b4 c6 12. Bxd4 exd4 13. Ne2 b5 14. Bb3 c5 15. cxb5 axb5 16. Rc1 {[%emt 0:00:14] The position is equal.} Ba6 17. bxc5 (17. Ng3 {looks sharper.} Rc8 18. Nf5 c4 19. dxc4 bxc4 20. Ba4) 17... dxc5 18. a4 bxa4 (18... b4 {seems wilder.} 19. Nf4 Re8 20. g3 Rc8) 19. Bxa4 Bxd3 20. Bxd7 Bxe2 21. Qxe2 Qxd7 22. Rxc5 d3 23. Qe3 Qa7 24. Rd1 Rfd8 25. e5 Be7 26. Rc3 Qxe3 27. fxe3 Ra3 28. Rxa3 Bxa3 $11 {[%emt 0:00:07][%mdl 4096] Endgame. KRB-KRN} 29. Nd4 Rd5 30. e6 fxe6 31. Nxe6 Re5 32. Rxd3 Bc1 $1 33. Nd4 Bxe3+ 34. Kf1 Bxd4 35. Rxd4 {[%emt 0:00:05] An even fight not without its subleties.   Weighted Error Value: White=0.05 (flawless) /Black=0.02 (flawless) .  OK:         	White=14    	Black=13     Best:        	White=1     	Black=1      Strong:       	---       	Black=1} 1/2-1/2

[Event "45th FIDE Olympiad 2024"]
[Site "Budapest"]
[Date "2024.09.19"]
[Round "8.46"]
[White "Capella, Rurik"]
[Black "Al Ibrahim, Abdulrahman"]
[Result "0-1"]
[WhiteElo "1971"]
[BlackElo "1932"]
[PlyCount "86"]
[EventDate "2024.09.05"]
[EventType "team-tourn"]
[EventCountry "HUN"]
[WhiteTeam "Netherlands Antilles"]
[BlackTeam "Kuwait"]
[WhiteTeamCountry "AHO"]
[BlackTeamCountry "KUW"]
[TimeControl "40/5400+30:1800+30"]

1. e4 e5 2. d4 exd4 3. Qxd4 Nc6 4. Qc4 Nf6 5. Nc3 Nb4 6. Bd3 d5 7. exd5 Nbxd5 8. Bg5 Qe7+ 9. Nge2 Nxc3 10. Qxc3 Qb4 11. Bxf6 gxf6 12. O-O-O Qxc3 13. Nxc3 Be6 14. Nb5 Bd6 15. Nxd6+ cxd6 16. Bb5+ Ke7 17. f4 f5 18. Rhe1 Rac8 19. b3 Rhg8 20. g3 h5 21. Re3 h4 22. Rd5 hxg3 23. hxg3 Rxg3 24. Re2 Rc5 25. Rxc5 dxc5 26. Rf2 a6 27. Be2 b5 28. Kb2 Bd5 29. a4 bxa4 30. Bxa6 axb3 31. Re2+ Be6 32. c4 Rf3 33. Bb5 Rxf4 34. Kxb3 Kd6 35. Re1 Rd4 36. Ba6 f4 37. Rf1 Ke5 38. Kc3 Kf5 39. Rh1 f3 40. Rf1 Kf4 41. Bb7 Bg4 42. Re1 f2 43. Re7 f1=Q {0-} 0-1

[Event "45th FIDE Olympiad 2024"]
[Site "Budapest"]
[Date "2024.09.19"]
[Round "8.47"]
[White "Flores, Diego"]
[Black "Korobov, Anton"]
[Result "1/2-1/2"]
[ECO "A09"]
[WhiteElo "2546"]
[BlackElo "2650"]
[Annotator "TA"]
[PlyCount "69"]
[EventDate "2024.09.05"]
[EventType "team-tourn"]
[EventCountry "HUN"]
[SourceTitle "playchess.com"]
[Source "ChessBase"]
[SourceQuality "1"]
[WhiteTeam "Argentina"]
[BlackTeam "Ukraine"]
[WhiteTeamCountry "ARG"]
[BlackTeamCountry "UKR"]
[TimeControl "40/5400+30:1800+30"]

1. Nf3 d5 2. c4 d4 3. e3 Nc6 4. exd4 Nxd4 5. Be2 Nh6 6. Nxd4 Qxd4 7. d3 Nf5 8. O-O Qd8 9. Bd2 g6 10. Bc3 Nd4 11. Nd2 Bg7 12. Nb3 O-O 13. Nxd4 Bxd4 14. Bf3 c6 15. Re1 e5 16. Qb3 Re8 17. Bxd4 Qxd4 18. Re3 f6 19. Rae1 Re7 20. Qa3 Rf7 21. Qc3 Qxc3 22. bxc3 Be6 23. Be2 Re7 24. Bd1 Rd8 25. f4 Red7 (25... exf4 26. Rxe6 Rxe6 27. Rxe6 $18) 26. Be2 Bf5 27. fxe5 fxe5 (27... Bxd3 $2 {loses.} 28. e6 (28. exf6 Bxe2 29. R1xe2 Kf7 $16) 28... Re7 29. Rxd3 $18 (29. Bxd3 f5 $18)) 28. Rd1 h5 {[%emt 0:00:53] The position is equal.} 29. h3 h4 30. Rxe5 Bxd3 31. Bg4 Bf5 32. Rxd7 Bxd7 33. Re7 Bxg4 34. hxg4 Rd3 35. Rxb7 {[%emt 0:00:37] A rather calm draw.   Weighted Error Value: White=0.02 (flawless) /Black=0.03 (flawless) .  Inaccurate:     	White=1     	---        OK:         	White=19    	Black=13} 1/2-1/2

[Event "45th FIDE Olympiad 2024"]
[Site "Budapest"]
[Date "2024.09.19"]
[Round "8.47"]
[White "Hussain, Hashem"]
[Black "Van Opstal, Rurik"]
[Result "0-1"]
[WhiteElo "1807"]
[BlackElo "2006"]
[PlyCount "62"]
[EventDate "2024.09.05"]
[EventType "team-tourn"]
[EventCountry "HUN"]
[WhiteTeam "Kuwait"]
[BlackTeam "Netherlands Antilles"]
[WhiteTeamCountry "KUW"]
[BlackTeamCountry "AHO"]
[TimeControl "40/5400+30:1800+30"]

1. e4 c5 2. c3 d5 3. exd5 Qxd5 4. d4 g6 5. Nf3 Bg7 6. Be3 cxd4 7. cxd4 Nh6 8. Nc3 Qa5 9. Bc4 O-O 10. O-O Nf5 11. Rc1 Nc6 12. h3 a6 13. d5 Nxe3 14. fxe3 Ne5 15. Nxe5 Bxe5 16. Qf3 Rb8 17. Ne4 b5 18. d6 e6 19. Bb3 Qd8 20. d7 Bxd7 21. Rcd1 Qe7 22. Nc5 Bc8 23. Nd3 Bg7 24. Qg3 Bb7 25. Ne5 Qc7 26. Rxf7 Rxf7 27. Bxe6 Qxe5 28. Bxf7+ Kxf7 29. Rd7+ Kf8 30. Qf2+ Qf6 31. Qxf6+ Bxf6 {0-} 0-1

[Event "45th FIDE Olympiad 2024"]
[Site "Budapest"]
[Date "2024.09.19"]
[Round "8.48"]
[White "Onyshchuk, Volodymyr"]
[Black "Sosa, Tomas"]
[Result "1-0"]
[ECO "D11"]
[WhiteElo "2610"]
[BlackElo "2515"]
[Annotator "RC"]
[PlyCount "105"]
[EventDate "2024.09.05"]
[EventType "team-tourn"]
[EventCountry "HUN"]
[SourceTitle "playchess.com"]
[Source "ChessBase"]
[SourceQuality "1"]
[WhiteTeam "Ukraine"]
[BlackTeam "Argentina"]
[WhiteTeamCountry "UKR"]
[BlackTeamCountry "ARG"]
[TimeControl "40/5400+30:1800+30"]

1. Nf3 d5 2. g3 Bg4 3. Bg2 Nd7 4. O-O Ngf6 5. d4 e6 6. c4 c6 7. Qb3 Qb6 8. c5 Qa6 9. Nc3 b6 10. cxb6 axb6 11. e4 dxe4 12. Ne5 Nxe5 13. dxe5 Nd5 14. Nxe4 Be2 15. Re1 Qc4 16. Bd2 Be7 17. Nc3 Qxb3 18. axb3 Ba6 19. Nxd5 exd5 20. Bf1 Bb7 21. Rxa8+ Bxa8 22. Ra1 O-O 23. Ra7 Re8 24. b4 Kf8 25. Bd3 h6 26. f4 c5 27. Bb5 Rc8 28. f5 cxb4 29. f6 Bc5+ 30. Kf1 gxf6 31. e6 fxe6 32. Bxh6+ Kg8 33. Bd7 b5 34. Bxe6+ Kh8 35. Bg7+ Kh7 36. Bf5+ Kg8 37. Be6+ Kh7 38. Bf5+ Kg8 39. Bxc8 Bxa7 40. Bxf6 Kf7 41. Be5 b3 42. Ke2 Bg1 43. h4 d4 44. Bf4 Be4 45. Kf1 Bh2 46. Kf2 Kf6 47. Bd7 b4 48. Bh3 d3 49. Bg2 Bg6 50. Bf3 Ke6 51. Kg2 Bxg3 52. Kxg3 Kf6 53. Bd2 1-0

[Event "45th FIDE Olympiad 2024"]
[Site "Budapest"]
[Date "2024.09.19"]
[Round "8.48"]
[White "Blijstra, Willem"]
[Black "Alabdaljader, Mohammed"]
[Result "0-1"]
[WhiteElo "2063"]
[BlackElo "1677"]
[PlyCount "66"]
[EventDate "2024.09.05"]
[EventType "team-tourn"]
[EventCountry "HUN"]
[WhiteTeam "Netherlands Antilles"]
[BlackTeam "Kuwait"]
[WhiteTeamCountry "AHO"]
[BlackTeamCountry "KUW"]
[TimeControl "40/5400+30:1800+30"]

1. d4 Nf6 2. c4 e6 3. Nf3 Bb4+ 4. Bd2 Qe7 5. Nc3 Nc6 6. Qc2 d6 7. a3 Bxc3 8. Bxc3 e5 9. d5 Nb8 10. e4 a5 11. Be2 Na6 12. O-O Nc5 13. Nd2 a4 14. f3 O-O 15. b4 axb3 16. Nxb3 Nxb3 17. Qxb3 Nh5 18. Rfd1 Kh8 19. Bf1 b6 20. Ra2 Bd7 21. a4 Qg5 22. Bd2 Nf4 23. Kh1 Qh5 24. a5 bxa5 25. Rxa5 Rab8 26. Qc2 g5 27. Bxf4 gxf4 28. c5 Rg8 29. c6 Bh3 30. Qf2 f5 31. Rd3 Bxg2+ 32. Bxg2 Rb1+ 33. Bf1 Qh3 {0-} 0-1

[Event "45th FIDE Olympiad 2024"]
[Site "Budapest"]
[Date "2024.09.19"]
[Round "8.49"]
[White "Navara, David"]
[Black "Schitco, Ivan"]
[Result "1-0"]
[ECO "C65"]
[WhiteElo "2681"]
[BlackElo "2527"]
[Annotator "RC"]
[PlyCount "103"]
[EventDate "2024.09.05"]
[EventType "team-tourn"]
[EventCountry "HUN"]
[SourceTitle "playchess.com"]
[Source "ChessBase"]
[SourceQuality "1"]
[WhiteTeam "Czech Republic"]
[BlackTeam "Moldova"]
[WhiteTeamCountry "CZE"]
[BlackTeamCountry "MDA"]
[TimeControl "40/5400+30:1800+30"]

1. e4 e5 2. Nf3 Nc6 3. Bb5 Nf6 4. d3 Bc5 5. Ba4 O-O 6. O-O d5 7. exd5 Qxd5 8. Nc3 Qd6 9. Bxc6 bxc6 10. Re1 Re8 11. Bg5 Bb6 12. Bxf6 Qxf6 13. d4 Bg4 14. dxe5 Qf5 15. Qd3 Qxd3 16. cxd3 Rad8 17. Rad1 f6 18. exf6 Rxe1+ 19. Rxe1 gxf6 20. Rd1 Bd4 21. Rd2 Bxf3 22. gxf3 Rb8 23. Na4 Rb5 24. Rc2 Rg5+ 25. Kf1 Rf5 26. Kg2 Rg5+ 27. Kh1 Rf5 28. Rc4 c5 29. b4 Rxf3 30. Nxc5 Bxf2 31. Kg2 Rf5 32. Ne4 Bb6 33. a4 a5 34. bxa5 Bxa5 35. Rc5 Rxc5 36. Nxc5 Kf7 37. Kf3 Bb6 38. d4 Ke7 39. Ke4 Kd6 40. Nb3 Ba7 41. h4 h5 42. a5 Kc6 43. Kf5 Kb5 44. Kg6 Kc4 45. Nd2+ Kxd4 46. Kxh5 Kd5 47. Kg6 Be3 48. a6 Kc6 49. Nc4 Bd4 50. h5 f5 51. Kxf5 Kb5 52. Ne5 1-0

[Event "45th FIDE Olympiad 2024"]
[Site "Budapest"]
[Date "2024.09.19"]
[Round "8.49"]
[White "Ah Kye, Benitot"]
[Black "Cogan, Nicolas"]
[Result "0-1"]
[WhiteElo "1815"]
[BlackElo "2112"]
[PlyCount "100"]
[EventDate "2024.09.05"]
[EventType "team-tourn"]
[EventCountry "HUN"]
[WhiteTeam "Mauritius"]
[BlackTeam "Cote d/^Ivoire"]
[WhiteTeamCountry "MRI"]
[TimeControl "40/5400+30:1800+30"]

1. e4 c5 2. Nf3 g6 3. d4 cxd4 4. Nxd4 Nf6 5. Nc3 d6 6. Be3 Bg7 7. f3 Nc6 8. Qd2 O-O 9. Bc4 Bd7 10. Bb3 Rc8 11. O-O-O Ne5 12. Kb1 a5 13. h4 h5 14. g4 b5 15. a3 Nc4 16. Bxc4 bxc4 17. a4 Rb8 18. Ndb5 Bxb5 19. Nxb5 c3 20. Nxc3 hxg4 21. h5 Nxh5 22. Rxh5 gxh5 23. Bh6 e6 24. fxg4 hxg4 25. Rg1 Qb6 26. Qc1 Bxh6 27. Rxg4+ Kh7 28. Rh4 Qxb2+ 29. Qxb2 Rxb2+ 30. Kxb2 Kg6 31. Nb5 Bg7+ 32. Kb3 Kg5 33. Rh7 Be5 34. Kc4 f5 35. exf5 exf5 36. Rd7 f4 37. Nxd6 Bxd6 38. Rxd6 f3 39. Rd1 Kg4 40. Kb5 Rf5+ 41. Kb6 f2 42. Rf1 Kf3 43. c4 Ke2 44. Rxf2+ Kxf2 45. c5 Ke3 46. Kxa5 Kd4 47. Kb6 Kd5 48. a5 Rf6+ 49. Kb7 Kxc5 50. a6 Rf7+ {0-} 0-1

[Event "45th FIDE Olympiad 2024"]
[Site "Budapest"]
[Date "2024.09.19"]
[Round "8.50"]
[White "Macovei, Andrei"]
[Black "Nguyen, Thai Dai Van"]
[Result "0-1"]
[ECO "C54"]
[WhiteElo "2464"]
[BlackElo "2647"]
[Annotator "RC"]
[PlyCount "80"]
[EventDate "2024.09.05"]
[EventType "team-tourn"]
[EventCountry "HUN"]
[SourceTitle "playchess.com"]
[Source "ChessBase"]
[SourceQuality "1"]
[WhiteTeam "Moldova"]
[BlackTeam "Czech Republic"]
[WhiteTeamCountry "MDA"]
[BlackTeamCountry "CZE"]
[TimeControl "40/5400+30:1800+30"]

1. e4 e5 2. Nf3 Nc6 3. Bc4 Bc5 4. c3 Nf6 5. d3 d6 6. O-O a6 7. a4 Ba7 8. Re1 O-O 9. h3 h6 10. Nbd2 Re8 11. b4 Be6 12. Bxe6 Rxe6 13. Nf1 d5 14. Qc2 Ne7 15. Be3 Bxe3 16. Nxe3 b6 17. c4 d4 18. Nd5 Ng6 19. a5 bxa5 20. bxa5 c6 21. Nb6 Rb8 22. g3 Qe7 23. Kh2 Rf8 24. c5 Ne8 25. Qc4 Nc7 26. Rf1 Kh7 27. Rae1 f5 28. exf5 Rxf5 29. Nd2 Rh5 30. Ne4 Nf4 31. Rh1 Rxh3+ 32. Kg1 Rxh1+ 33. Kxh1 Rg6 34. Qb3 Ncd5 35. Qd1 Qe6 36. Qf3 Qh3+ 37. Kg1 Rg4 38. Nd2 Rg5 39. Nbc4 Rh5 40. Nf1 Nc3 0-1

[Event "45th FIDE Olympiad 2024"]
[Site "Budapest"]
[Date "2024.09.19"]
[Round "8.50"]
[White "De Gondo, Simplice Armel"]
[Black "Lam Kin Cheung, Stephane"]
[Result "1-0"]
[WhiteElo "2045"]
[BlackElo "1677"]
[PlyCount "69"]
[EventDate "2024.09.05"]
[EventType "team-tourn"]
[EventCountry "HUN"]
[WhiteTeam "Cote d/^Ivoire"]
[BlackTeam "Mauritius"]
[BlackTeamCountry "MRI"]
[TimeControl "40/5400+30:1800+30"]

1. e4 c5 2. Nf3 Nc6 3. d4 cxd4 4. Nxd4 g6 5. Nc3 Bg7 6. Be3 Nf6 7. Bc4 O-O 8. Bb3 Re8 9. f3 e6 10. Qd2 d5 11. exd5 exd5 12. O-O-O Na5 13. Nde2 Nxb3+ 14. axb3 Be6 15. Nf4 Qa5 16. Kb1 Rad8 17. Ncxd5 Qxd2 18. Nxf6+ Bxf6 19. Bxd2 Bd7 20. Nd5 Kg7 21. Nxf6 Kxf6 22. Bc3+ Kg5 23. h4+ Kh6 24. Bf6 Rc8 25. Rxd7 Re6 26. Rxf7 g5 27. hxg5+ Kg6 28. Rhxh7 Rcc6 29. Rhg7+ Kh5 30. b4 Ra6 31. b3 Re1+ 32. Kb2 Re2 33. Rh7+ Kg6 34. g4 Rxf6 35. Rfg7# 1-0

[Event "45th FIDE Olympiad 2024"]
[Site "Budapest"]
[Date "2024.09.19"]
[Round "8.51"]
[White "Zilka, Stepan"]
[Black "Lashkin, Jegor"]
[Result "0-1"]
[ECO "B90"]
[WhiteElo "2574"]
[BlackElo "2472"]
[Annotator "TA"]
[PlyCount "59"]
[EventDate "2024.09.05"]
[EventType "team-tourn"]
[EventCountry "HUN"]
[SourceTitle "playchess.com"]
[Source "ChessBase"]
[SourceQuality "1"]
[WhiteTeam "Czech Republic"]
[BlackTeam "Moldova"]
[WhiteTeamCountry "CZE"]
[BlackTeamCountry "MDA"]
[TimeControl "40/5400+30:1800+30"]

1. e4 c5 2. Nf3 d6 3. d4 cxd4 4. Nxd4 Nf6 5. Nc3 a6 6. Be3 e5 7. Nb3 Be6 8. f3 h5 9. Qd2 Nbd7 10. Nd5 Bxd5 11. exd5 g6 12. Be2 {[%emt 0:01:02] White has an edge.} Bg7 13. O-O b6 14. c4 O-O 15. Kh1 a5 16. Rae1 Re8 17. Na1 Nc5 18. Nc2 h4 19. Bg5 h3 20. g4 Qd7 21. Bd1 {[%emt 0:14:21] [#]} (21. Bh6 $11) 21... e4 $1 $17 {[%emt 0:07:35] Black is more active.} 22. Nd4 {[%emt 0:11:47] Loses the game.} (22. Bxf6 $17 Bxf6 23. b3) 22... exf3 $19 23. Bxf6 Bxf6 24. Bxf3 Rxe1 25. Rxe1 Re8 $40 {[%emt 0:02:52][%mdl 128] Black is out for blood.} 26. Rf1 (26. Nc6 $17 {was worth a try.}) 26... Bxd4 27. Qxd4 Qe7 {[%emt 0:02:18] Threatens to win with ...Qg5.} 28. Kg1 (28. Qd2 {keeps fighting.}) 28... Qg5 {[%emt 0:00:51] aiming for ...Re3.} 29. Rf2 $2 {[%emt 0:05:48] [#]} (29. Bd1) 29... Ne4 $1 30. Rc2 {[%emt 0:06:49] Weighted Error Value: White=0.49/Black=0.13 (very precise) .  Mistake:       	White=5     	---        Inaccurate:     	White=1     	Black=2      OK:         	White=5     	Black=7      Best:        	White=1     	Black=2      Strong:       	---       	Black=1} 0-1

[Event "45th FIDE Olympiad 2024"]
[Site "Budapest"]
[Date "2024.09.19"]
[Round "8.51"]
[White "Lee Luen Mang, Stefan"]
[Black "Manan, Yoboue Hermann"]
[Result "0-1"]
[WhiteElo "1803"]
[BlackElo "2030"]
[PlyCount "82"]
[EventDate "2024.09.05"]
[EventType "team-tourn"]
[EventCountry "HUN"]
[WhiteTeam "Mauritius"]
[BlackTeam "Cote d/^Ivoire"]
[WhiteTeamCountry "MRI"]
[TimeControl "40/5400+30:1800+30"]

1. e4 e5 2. Nc3 Nc6 3. Bc4 Nf6 4. d3 Bc5 5. f4 d6 6. Nf3 exf4 7. Bxf4 O-O 8. Qd2 Na5 9. O-O-O Nxc4 10. dxc4 Be6 11. Qe2 Ng4 12. Nd4 Qf6 13. Nxe6 fxe6 14. Rhf1 Qg6 15. Rd3 e5 16. Nd5 Rae8 17. Rg3 h5 18. Bd2 Rxf1+ 19. Qxf1 c6 20. Nc3 h4 21. Rh3 Rf8 22. Rf3 Rxf3 23. Qxf3 Nxh2 24. Qh3 Nf1 25. Qxh4 Nxd2 26. Qd8+ Kh7 27. Qh4+ Qh6 28. Qxh6+ Kxh6 29. Kxd2 Bb4 30. Ke3 Bxc3 31. bxc3 Kg5 32. Kf3 Kh4 33. c5 dxc5 34. c4 b5 35. a3 g6 36. Kf2 Kg4 37. g3 Kh3 38. Kf3 g5 39. c3 g4+ 40. Kf2 bxc4 41. a4 a5 {0-} 0-1

[Event "45th FIDE Olympiad 2024"]
[Site "Budapest"]
[Date "2024.09.19"]
[Round "8.52"]
[White "Bologan, Victor"]
[Black "Vykouk, Jan"]
[Result "1-0"]
[ECO "B56"]
[WhiteElo "2598"]
[BlackElo "2483"]
[Annotator "TA"]
[PlyCount "95"]
[EventDate "2024.09.05"]
[EventType "team-tourn"]
[EventCountry "HUN"]
[SourceTitle "playchess.com"]
[Source "ChessBase"]
[SourceQuality "1"]
[WhiteTeam "Moldova"]
[BlackTeam "Czech Republic"]
[WhiteTeamCountry "MDA"]
[BlackTeamCountry "CZE"]
[TimeControl "40/5400+30:1800+30"]

1. e4 c5 2. Nf3 d6 3. d4 cxd4 4. Nxd4 Nf6 5. Nc3 Nc6 6. f3 g6 {[%emt 0:04:55] B56: Classical Sicilian: Unusual Lines.} 7. Be3 h5 8. Bc4 Bd7 9. Qd2 Nxd4 10. Bxd4 Bh6 11. Qf2 O-O 12. O-O Qa5 13. Rad1 $146 ({Predecessor:} 13. Bxf6 exf6 14. Rfd1 Bf4 15. Nd5 Be5 16. c3 f5 17. f4 Bg7 18. exf5 Bxf5 19. Ne7+ {½-½ Belov,A (2421)-Fier,A (2549) Titled Tuesday intern op 09th Jan Early blitz 2024 (7)}) 13... Be6 14. Bb3 Bg7 15. h3 b5 16. Rfe1 Nd7 (16... Bxb3 $14 17. axb3 b4) 17. f4 $16 b4 18. Bxg7 Kxg7 19. Nd5 Bxd5 20. Rxd5 ({Better is} 20. exd5 $16 Rae8 21. Qd4+ f6 22. Kh1) 20... Qb6 21. e5 Qxf2+ 22. Kxf2 a5 23. exd6 e6 24. Rd4 (24. Rb5 $16) 24... Rfc8 25. a4 Nc5 (25... Rc5 $14) 26. Rc4 Nd7 27. Rd1 Kf8 28. g4 hxg4 29. hxg4 Nb6 (29... Rc5 $16) 30. Rxc8+ $18 Rxc8 31. d7 Rd8 {[%emt 0:00:09] [#]} 32. Rd6 $1 Nxd7 33. Ke3 Ke7 34. Ra6 Nf6 {[%emt 0:01:06] [#]} 35. g5 $1 (35. Rxa5 Nxg4+ 36. Kf3 Nf6 $16) (35. Kf3 Rd1) 35... Ng4+ (35... Nd5+ {keeps fighting.} 36. Kf3 Nc7 37. Rxa5 Kd6) 36. Kf3 $18 Nh2+ 37. Ke2 Rd4 38. Ke3 ({Resist} 38. Rxa5 $6 Rxf4 39. Rb5 Rf5 $16) 38... Rd1 (38... Rd7 $142 39. Rxa5 Nf1+ 40. Kf2 Nd2) 39. Rxa5 $18 Re1+ 40. Kf2 Rd1 41. Ra7+ Ke8 42. Ke2 Ra1 43. a5 Nf1 44. a6 Ng3+ 45. Kd3 Nh5 46. Ke3 Re1+ 47. Kd4 Ra1 48. Bc4 1-0

[Event "45th FIDE Olympiad 2024"]
[Site "Budapest"]
[Date "2024.09.19"]
[Round "8.52"]
[White "Nean, Franck Anderson"]
[Black "Naipal, Hoolan"]
[Result "1-0"]
[WhiteElo "1917"]
[BlackElo "1851"]
[PlyCount "87"]
[EventDate "2024.09.05"]
[EventType "team-tourn"]
[EventCountry "HUN"]
[WhiteTeam "Cote d/^Ivoire"]
[BlackTeam "Mauritius"]
[BlackTeamCountry "MRI"]
[TimeControl "40/5400+30:1800+30"]

1. d4 Nf6 2. Nf3 e6 3. c4 b6 4. a3 Bb7 5. Bg5 Be7 6. e3 d6 7. Bd3 Nbd7 8. Nc3 h6 9. Bh4 c5 10. h3 Nh5 11. Bxe7 Qxe7 12. O-O cxd4 13. Nxd4 Nhf6 14. Ndb5 Ne5 15. Be2 Rd8 16. Qa4 Rd7 17. Nxa7 O-O 18. Nab5 Ra8 19. Qb3 d5 20. cxd5 Nxd5 21. Nxd5 Bxd5 22. Qc2 Qg5 23. e4 Qg6 24. f3 Bb7 25. Qc3 Qg3 26. f4 Qxc3 27. Nxc3 Nd3 28. Bxd3 Rxd3 29. Rad1 Rad8 30. Rxd3 Rxd3 31. Rf2 Re3 32. e5 f6 33. exf6 gxf6 34. Re2 Rg3 35. Kh2 Rg7 36. Na4 b5 37. Nc5 Bd5 38. Nxe6 Ra7 39. f5 b4 40. axb4 Rb7 41. Rd2 Bxe6 42. fxe6 Kf8 43. Rd8+ Ke7 44. Rd7+ 1-0

[Event "45th FIDE Olympiad 2024"]
[Site "Budapest"]
[Date "2024.09.19"]
[Round "8.53"]
[White "Albornoz Cabrera, Carlos Daniel"]
[Black "Rodshtein, Maxim"]
[Result "1/2-1/2"]
[ECO "B94"]
[WhiteElo "2579"]
[BlackElo "2600"]
[Annotator "TA"]
[PlyCount "61"]
[EventDate "2024.09.05"]
[EventType "team-tourn"]
[EventCountry "HUN"]
[SourceTitle "playchess.com"]
[Source "ChessBase"]
[SourceQuality "1"]
[WhiteTeam "Cuba"]
[BlackTeam "Israel"]
[WhiteTeamCountry "CUB"]
[BlackTeamCountry "ISR"]
[TimeControl "40/5400+30:1800+30"]

1. e4 c5 2. Nf3 d6 3. d4 cxd4 4. Nxd4 Nf6 5. Nc3 a6 6. Bg5 Nbd7 7. Bc4 Qb6 8. Bb3 e6 9. Qd2 Be7 $1 10. O-O-O Nc5 11. f3 Qc7 12. g4 b5 {[%emt 0:00:19] aiming for ...b4.} 13. a3 Rb8 14. Kb1 O-O 15. h4 {[%emt 0:03:13] The position is equal.} b4 16. axb4 Rxb4 17. Bxf6 Bxf6 18. Nd5 $1 exd5 19. Qxb4 dxe4 20. g5 Be5 21. fxe4 Bg4 {[%emt 0:01:00] Prevents Nf3. A strong pair of Bishops.} 22. Bd5 Bxd1 23. Rxd1 Rb8 24. Qa3 Qd7 25. Ka2 Ne6 (25... Qg4 26. Rf1 h5 (26... Bxd4 $2 27. Rxf7 Ne6 28. Re7 $18) 27. g6 (27. Bxf7+ Kh8 $11) (27. Rxf7 Kh7 $18) 27... Bxd4 28. Rxf7 Qxg6 (28... Qxh4 29. Qf3 Rxb2+ 30. Ka3) (28... Rxb2+ 29. Qxb2 Qxg6 30. Qb8+ Kh7 31. Rf8) 29. Rb7+ Kh7 30. Rxb8 $18) 26. Bxe6 fxe6 27. Qxa6 {[%emt 0:00:03] Nc6 is the strong threat.} Qe8 28. Qc4 Rc8 29. Qb3 (29. Qxe6+ Qxe6+ 30. Nxe6 Rxc2) 29... Rb8 30. Qc4 (30. Qxe6+ Qxe6+ 31. Nxe6 Rxb2+ 32. Ka3 Kf7 33. Nd8+ Kg6 $17) 30... Rc8 31. Qb3 {[%emt 0:00:08] An interesting draw.   Weighted Error Value: White=0.04 (flawless) /Black=0.03 (flawless) .  Inaccurate:     	---       	Black=1      OK:         	White=14    	Black=15     Best:        	---       	Black=1      Strong:       	White=1     	Black=1} (31. Qxe6+ Qxe6+ 32. Nxe6 Rxc2) 1/2-1/2

[Event "45th FIDE Olympiad 2024"]
[Site "Budapest"]
[Date "2024.09.19"]
[Round "8.53"]
[White "Gurner, Jem"]
[Black "Kumar, Manoj"]
[Result "1-0"]
[WhiteElo "2091"]
[BlackElo "1951"]
[PlyCount "101"]
[EventDate "2024.09.05"]
[EventType "team-tourn"]
[EventCountry "HUN"]
[WhiteTeam "Jersey"]
[BlackTeam "Fiji"]
[BlackTeamCountry "FIJ"]
[TimeControl "40/5400+30:1800+30"]

1. e4 e5 2. Nf3 Nc6 3. d4 exd4 4. Nxd4 Nf6 5. Nxc6 bxc6 6. e5 Nd5 7. c4 Nb6 8. Be2 Be7 9. O-O O-O 10. Nc3 d6 11. Bf4 Be6 12. b3 d5 13. Qc2 Qc8 14. Bd3 h6 15. Rfd1 a5 16. Ne2 c5 17. Ng3 Rd8 18. a4 dxc4 19. bxc4 Rxd3 20. Qxd3 Bxc4 21. Qe4 Be6 22. Be3 Rb8 23. f4 Qb7 24. Qxb7 Rxb7 25. Rab1 g6 26. Rb5 c4 27. Ne4 Ra7 28. Bxb6 cxb6 29. Rxb6 c3 30. Rb8+ Kg7 31. Nxc3 Bc5+ 32. Kh1 Be3 33. Nb5 Re7 34. Nd6 Bxf4 35. Ne8+ Rxe8 36. Rxe8 Bxe5 37. Ra8 Bc3 38. Rd6 Bb4 39. Rda6 Kf6 40. Rxa5 Bxa5 41. Rxa5 Ke7 42. Rc5 Kd6 43. Rc1 Bd7 44. a5 Bb5 45. Kg1 f5 46. Kf2 g5 47. g3 h5 48. Ke3 Ba6 49. Kd4 Bb7 50. Rc5 f4 51. Rxg5 1-0